 Dungeon Crawl Stone Soup version 0.29.0-7-g18a832c13a (webtiles) character file.

Game seed: 14108655754847086163

629 SensoryNuts the Slasher (level 7, -14/60 HPs)
             Began as a Minotaur Fighter on Aug 31, 2022.
             Demolished by an orc warrior
             ... wielding a +0 halberd
              (17 damage)
             ... on level 5 of the Dungeon.
             The game lasted 00:03:40 (4138 turns).

SensoryNuts the Slasher (Minotaur Fighter)          Turns: 4138, Time: 00:03:41

Health: -14/60     AC:  9    Str: 20    XL:     7   Next: 23%
Magic:  6/6        EV: 10    Int:  5    God:
Gold:   270        SH:  5    Dex: 14    Spells: 6/6 levels left

rFire   . . .      SeeInvis .   a - +1 long sword
rCold   . . .      Faith    +   c - +0 buckler
rNeg    . . .      Spirit   .   b - +0 scale mail
rPois   .          Reflect  .   (helmet restricted)
rElec   .          Harm     .   (no cloak)
rCorr   .          Rampage  .   (no gloves)
Will    .....                   k - +1 pair of boots
Stlth   +.........              e - amulet "Qitiz" {Faith Dex+2 Stlth+}
HPRegen 0.20/turn               (no ring)
MPRegen 0.10/turn               (no ring)

@: no status effects
A: horns 2, retaliatory headbutt
a: no special abilities


You were on level 5 of the Dungeon.
You visited 1 branch of the dungeon, and saw 5 of its levels.

You collected 270 gold pieces.

Inventory:

Hand Weapons
 a - a +1 long sword (weapon)
Missiles
 x - a throwing net (quivered)
Armour
 b - a +0 scale mail (worn)
 c - a +0 buckler (worn)
 k - a +1 pair of boots (worn)
Jewellery
 e - the amulet "Qitiz" (around neck) {Faith Dex+2 Stlth+}
   (You acquired it on level 2 of the Dungeon)

   [amulet of faith]

   It allows you to gain divine favour quickly.
   Dex:       It affects your dexterity (+2).
   Stlth:     It makes you more stealthy.
 f - a ring of protection from fire
 h - an amulet of guardian spirit
 j - a ring of ice
 r - an amulet of reflection
Wands
 w - a wand of quicksilver (7)
Scrolls
 g - 2 scrolls of teleportation
 o - 2 scrolls of amnesia {unknown}
 s - a scroll of vulnerability {unknown}
 t - a scroll of immolation {unknown}
 u - 2 scrolls of identify
 v - a scroll of blinking {unknown}
Potions
 d - a potion of might
 i - a potion of degeneration
 l - a potion of haste
 m - a potion of mutation {unknown}
 n - a potion of brilliance {unknown}
 p - 2 potions of curing {unknown}
 q - a potion of invisibility {unknown}


   Skills:
 + Level 4.5 Fighting
 * Level 7.2 Long Blades
 + Level 6.0 Armour
 + Level 1.6 Dodging
 + Level 0.9 Stealth
 + Level 4.1 Shields


You had 6 spell levels left.
You didn't know any spells.
Your spell library contained the following spells:

 Spells                   Type           Power      Damage    Failure   Level
 Foxfire                  Conj/Fire      0%         2x1d4     88%         1
 Sting                    Tmut/Pois      0%         1d3       88%         1
 Poisonous Vapours        Pois/Air       0%         N/A       95%         2
 Conjure Flame            Conj/Fire      0%         6-21      99%         3
 Inner Flame              Hex/Fire       0%         N/A       99%         3
 Flame Wave               Conj/Fire      0%         2d4       100%        4
 Olgreb's Toxic Radiance  Pois           0%         N/A       100%        4


Dungeon Overview and Level Annotations

Branches:
Dungeon (5/15)
 Temple: D:4-7

Altars:
Nemelex Xobeh


Innate Abilities, Weirdness & Mutations

You have a pair of horns on your head.
You reflexively headbutt those who attack you in melee.


Message History

There are monsters nearby!
An orc warrior comes into view. It is wielding a +0 halberd.
The orc warrior shouts!
An orc comes into view. It is wielding a +0 dagger.
The orc shouts!
You block the orc's attack.
You hit the orc.
The orc is almost dead.
The orc misses you. You furiously retaliate!
You headbutt the orc!
You kill the orc!
You closely miss the orc.
The orc warrior hits you from afar with a +0 halberd!
You barely miss the orc. You headbutt the orc.
You kill the orc!
You block the orc's attack. You block the orc warrior's attack.
You closely miss the orc. You headbutt the orc, but do no damage.
The orc warrior hits you from afar with a +0 halberd!
The orc hits you but does no damage.
You slash the orc!
You kill the orc!
The orc warrior closely misses you.
The orc warrior hits you with a +0 halberd!
Things that are here:
a +0 club; a +0 leather armour You are too injured to fight recklessly!
You are too injured to fight recklessly!
You are too injured to fight recklessly!
You are too injured to fight recklessly!
You are too injured to fight recklessly!
You slash the orc warrior!
The orc warrior is moderately wounded.
The orc warrior hits you with a +0 halberd!
* * * LOW HITPOINT WARNING * * *
You hit the orc warrior.
You headbutt the orc warrior, but do no damage.
The orc warrior is moderately wounded.
The orc warrior hits you with a +0 halberd!
* * * LOW HITPOINT WARNING * * *
The orc warrior hits you with a +0 halberd!
You die...

)..))....................
#..)##....#...######.....
#...##....#...# ...
#...#######...# #### #
+.........#...# ...#
#...#####..#### ....#
##### #...######....#
#....#..).....#
#.......@o..#
#......)....#
#.....>######
#########......#
.<.....###....##
.....#.###.....
.....#....#...##
..........#####
..........#


You could see an orc warrior.

Vanquished Creatures
  An ogre (D:4)
  A phantom (D:5)
  A bullfrog (D:4)
  An orc priest (D:4)
  4 hounds
  An iguana (D:4)
  3 orc wizards
  3 gnolls (D:5)
  7 adders
  An ufetubus (D:5)
  8 orcs
  3 endoplasms
  4 giant cockroaches
  3 goblins
  5 hobgoblins
  6 jackals (D:3)
  5 kobolds
  3 quokkas
  6 ball pythons
  3 bats
  2 frilled lizards (D:1)
  4 rats
75 creatures vanquished.

Notes
Turn   | Place    | Note
-------+----------+-------------------------------------------
     0 | D:1      | SensoryNuts the Minotaur Fighter began the quest for the
                  | Orb.
     0 | D:1      | Reached XP level 1. HP: 19/19 MP: 0/0
   323 | D:1      | Reached XP level 2. HP: 27/27 MP: 1/1
   991 | D:2      | Reached skill level 3 in Long Blades
  1434 | D:2      | Reached XP level 3. HP: 32/33 MP: 2/2
  1892 | D:2      | Identified a scroll of acquirement
  1892 | D:2      | Acquired the amulet "Qitiz" {Faith Dex+2 Stlth+}
  2411 | D:3      | Reached skill level 4 in Long Blades
  2581 | D:3      | Reached XP level 4. HP: 39/40 MP: 3/3
  2672 | D:4      | Noticed a bullfrog
  2678 | D:4      | Killed a bullfrog
  2684 | D:4      | Reached skill level 5 in Armour
  2684 | D:4      | Reached XP level 5. HP: 43/46 MP: 4/4
  2913 | D:4      | Reached skill level 5 in Long Blades
  2964 | D:4      | Noticed an ogre
  2970 | D:4      | Killed an ogre
  2971 | D:4      | Reached XP level 6. HP: 32/53 MP: 5/5
  3223 | D:4      | Reached skill level 1 in Dodging
  3229 | D:4      | Reached skill level 6 in Long Blades
  3606 | D:5      | Entered Level 5 of the Dungeon
  3732 | D:5      | Found a sparkling altar of Nemelex Xobeh.
  3910 | D:5      | Reached XP level 7. HP: 41/60 MP: 6/6
  3918 | D:5      | Reached skill level 7 in Long Blades
  4138 | D:5      | HP: 3/60 [orc warrior/+0 halberd (11)]
  4138 | D:5      | Demolished by an orc warrior

Illustrated notes

Levels and vault maps discovered:
D:1:      amcnicky_arrival_abandoned_market, layout_loops_ring,
          shapermc_ecumenical_altar_petra
D:2:      layout_basic, minmay_misc_feat_x
D:3:      layout_basic
D:4:      layout_rooms, corner_web_ring
D:5:      lemuel_castle_with_subvaults [lemuel_castle_interior_carwin_3],
          layout_basic, nemelex_xobeh_ov_fountains_minmay,
          minmay_temple_entry_junction, uniq_eustachio

Skill      XL: |  1  2  3  4  5  6  7 |
---------------+----------------------+-----
Armour         | 4 5 6 |  6.0
Long Blades    | 3 4 5 6 7 |  7.2
Fighting       | 4 |  4.5
Shields        | 4 |  4.1
Dodging        | 1 |  1.6
Stealth        | |  0.9

Action                   |  1- 3 |  4- 6 |  7- 9 || total
-------------------------+-------+-------+-------++-------
Melee: Long sword        |    67 |    95 |    18 ||   180
       Headbutt          |     6 |    15 |     5 ||    26
  Use: Scroll            |     9 |     2 |       ||    11
       Potion            |       |     2 |       ||     2
 Stab: Sleeping          |     1 |       |       ||     1
Armor: Scale mail        |    30 |    54 |     8 ||    92
Dodge: Dodged            |    27 |    54 |    12 ||    93
Block: Buckler           |    14 |    24 |     6 ||    44
